 Dungeon Crawl Stone Soup version 0.22-a0-782-g038298e (webtiles) character file.

84 iamserjio the Conjurer (level 4, -3/24 HPs)
             Began as a Tengu Fire Elementalist on July 20, 2018.
             Slain by a worm (12 damage)
             ... on level 2 of the Dungeon.
             The game lasted 00:05:48 (612 turns).

iamserjio the Conjurer (Tengu Fire Elementalist)     Turns: 612, Time: 00:05:49

Health: -3/24      AC:  2    Str:  8    XL:     4   Next: 45%
Magic:  4/8        EV: 12    Int: 17    God:
Gold:   136        SH:  0    Dex: 14    Spells: 6/7 levels left

rFire    . . .     SeeInvis .   k - +0 spear
rCold    + . .     Gourm    .   (no shield)
rNeg     . . .     Faith    .   o - +0 robe (curse)
rPois    .         Spirit   .   (helmet restricted)
rElec    .         Reflect  .   (no cloak)
rCorr    .         Harm     .   (no gloves)
MR       .....                  (boots unavailable)
Stlth    ++........             (no amulet)
HPRegen  0.08/turn              l - ring of protection from cold
MPRegen  0.11/turn              (no ring)

@: no status effects
A: beak, talons 3
a: no special abilities


You were on level 2 of the Dungeon.
You were not hungry.

You visited 1 branch of the dungeon, and saw 3 of its levels.

You collected 136 gold pieces.

Inventory:

Hand Weapons
 d - a cursed -3 dagger
 j - a +0 short sword
 k - a +0 spear (weapon)
Missiles
 i - 14 poisoned needles
 q - 8 arrows
Armour
 a - a +0 robe
 g - a +0 leather armour
 o - a cursed +0 robe (worn)
 p - a +0 cloak
Jewellery
 l - a ring of protection from cold (left hand)
Scrolls
 e - a scroll of amnesia {unknown}
 f - a scroll of enchant weapon {unknown}
 h - 2 scrolls of teleportation {unknown}
 r - a scroll of identify {unknown}
Potions
 b - a potion of agility {unknown}
 m - 4 potions of curing {unknown}
 n - a potion of brilliance {unknown}
Comestibles
 c - 3 rations


   Skills:
 - Level 2.1 Dodging
 - Level 2.0 Stealth
 - Level 2.0 Spellcasting
 + Level 4.5 Conjurations
 + Level 4.2 Fire Magic


You had 6 spell levels left.
You knew the following spells:

 Your Spells              Type           Power        Failure   Level  Hunger
a - Flame Tongue          Conj/Fire      ###..        3%          1    #......

Your spell library contained the following spells:

 Spells                   Type           Power        Failure   Level  Hunger
 Fireball                 Conj/Fire      ###.......   65%         5    ######.
 Conjure Flame            Conj/Fire      ###.....     10%         3    ###....
 Throw Flame              Conj/Fire      ###...       4%          2    ###....
 Sticky Flame             Conj/Fire      ###.....     32%         4    #####..
 Inner Flame              Hex/Fire       #.......     24%         3    ###....


Dungeon Overview and Level Annotations

Branches:
Dungeon (3/15)

Altars:


Innate Abilities, Weirdness & Mutations

You have a beak for a mouth.
You have claws for feet.


Message History

Casting: Flame Tongue (safe; 3% risk of failure)
Confirm with . or Enter, or press ? or * to list all spells.
Aiming: Flame Tongue (safe; 3% risk of failure)
Press: ? - help, Shift-Dir - straight line, f/p - worm
Aim: a worm (heavily wounded)
The flame tongue misses the worm.
Casting: Flame Tongue (safe; 3% risk of failure)
Confirm with . or Enter, or press ? or * to list all spells.
Aiming: Flame Tongue (safe; 3% risk of failure)
Press: ? - help, Shift-Dir - straight line, f/p - worm
Aim: a worm (moderately wounded)
The flame tongue hits the worm.
The worm is heavily wounded.
The giant cockroach bites you.
You barely miss the worm. You claw the worm, but do no damage.
The worm is heavily wounded.
The giant cockroach bites you but does no damage.
The worm bites you!
Ouch! That really hurt!
You die...

........# #......# ........#
#.......# #......# ........#
#.......# #......## ...†....#
#.......# #.....l## ........#
#.......## ##......#.
####..###
#........#####......... #..#
#........#............# #..#
##...s#...####.#.##### ##.#
#...w@.#......(. ####. #.#
#.#.......# ## ##.... #.#
#.#.......#.# ##..... #.#
#.#...#.#.#..###...... #.##
#......>#.............
#..#####......##..##.........
#...##........##..#..###.....
##.....#.##...##....# #.....†
##..###.#...###...###......>


You could see a worm and a giant cockroach.

Vanquished Creatures
  A worker ant (D:2)
  2 adders (D:2)
  A dart slug (D:2)
  3 leopard geckos
  A ball python (D:2)
  6 bats
  3 giant cockroaches
  6 goblins
  4 hobgoblins
  2 jackals (D:2)
  3 kobolds (D:1)
  3 rats
35 creatures vanquished.

Notes
Turn   | Place    | Note
-------+----------+-------------------------------------------
     0 | D:1      | iamserjio the Tengu Fire Elementalist began the quest for the Orb.
     0 | D:1      | Reached XP level 1. HP: 10/10 MP: 4/4
    70 | D:1      | Reached XP level 2. HP: 7/15 MP: 4/6
   254 | D:1      | Reached XP level 3. HP: 6/19 MP: 2/7
   500 | D:2      | Reached XP level 4. HP: 16/24 MP: 2/8
   612 | D:2      | Slain by a worm

Vault maps used:
D:1:      dpeg_arrival_pond
D:3:      uniq_grinder

Skill      XL: |  1  2  3 |
---------------+----------+-----
Conjurations   | 2 3 4 |  4.5
Fire Magic     | 4 |  4.2
Dodging        | |  2.1
Stealth        | |  2.0
Spellcasting   | |  2.0

Action                   |  1- 3 |  4- 6 || total
-------------------------+-------+-------++-------
Melee: Unarmed           |    23 |       ||    23
       Peck              |     7 |       ||     7
       Kick              |     7 |     2 ||     9
       Spear             |    13 |    10 ||    23
 Cast: Flame Tongue      |    37 |     9 ||    46
Armor: Robe              |    19 |     2 ||    21
Dodge: Dodged            |    31 |     5 ||    36

Table legend:
 A = Spawn XP
 B = Non-spawn XP
 C = Spawn XP percentage of total XP
 D = Spawn monster count
 E = Non-spawn monster count
 F = Spawn count percentage of total count
 G = Total turns spent on level
                    A         B        C        D         E        F      G
               +---------+---------+-------+---------+---------+-------+---------
         Total |       0 |     120 |   0.0 |       0 |      35 |   0.0 |   612
               +---------+---------+-------+---------+---------+-------+---------
           D:1 |       0 |      34 |   0.0 |       0 |      20 |   0.0 |   345
           D:2 |       0 |      86 |   0.0 |       0 |      15 |   0.0 |   257
               +---------+---------+-------+---------+---------+-------+---------
